 Dungeon Crawl Stone Soup version 0.27-a0-1144-g0b7d3b79db (webtiles) character file.

Game seed: 14267160588845730172

71333 HoaS the Executioner (level 15, -11/100 HPs)
             Began as a Tengu Berserker on May 10, 2021.
             Was a High Priest of Trog.
             Killed from afar by a death drake (13 damage)
             ... with a foul vapour
             ... in a Gauntlet.
             The game lasted 00:58:49 (26107 turns).

HoaS the Executioner (Tengu Berserker)             Turns: 26107, Time: 00:58:50

Health: -11/100    AC: 32    Str: 23    XL:     15   Next: 36%
Magic:  16/16      EV: 13    Int:  8    God:    Trog [*****.]
Gold:   1933       SH:  0    Dex: 14    Spells: 14/14 levels left

rFire    + . .     SeeInvis .   w - +5 executioner's axe (vorpal)
rCold    + . .     Faith    .   (shield currently unavailable)
rNeg     . . .     Spirit   .   t - +4 crystal plate armour
rPois    .         Reflect  .   (helmet restricted)
rElec    .         Harm     .   I - scarf {rC+ rF+}
rCorr    .         Rampage  .   H - +3 pair of gauntlets of War {Slay+5}
Will     +....     NoTele   +   (boots unavailable)
Stlth    ..........             (no amulet)
HPRegen  0.26/turn              F - +4 ring of protection
MPRegen  0.15/turn              p - +4 ring of evasion

@: lethally poisoned (-11 -> -94), flying quickly and evasively, studying
Crossbows, quick
A: beak, talons 3, nimble flight
a: Renounce Religion, Berserk, Trog's Hand, Brothers in Arms


You were in a Gauntlet.
You worshipped Trog.
Trog was extremely pleased with you.
You visited 3 branches of the dungeon, and saw 22 of its levels.
You also visited: Ossuary and Gauntlet.

You collected 4926 gold pieces.
You spent 2993 gold pieces at shops.

Inventory:

Hand Weapons
 q - a +4 great mace
 w - a +5 vorpal executioner's axe (weapon)
Missiles
 y - 4 curare-tipped darts
 E - a throwing net
Armour
 t - a +4 crystal plate armour (worn)
 H - the +3 pair of gauntlets of War (worn) {Slay+5}
   (You bought it in a shop on level 2 of the Orcish Mines)

   It affects your accuracy and damage with ranged weapons and melee attacks
   (+5).
 I - a scarf of resistance (worn)
Jewellery
 a - a +6 ring of dexterity
 e - a ring of poison resistance
 p - a +4 ring of evasion (right hand)
 F - a +4 ring of protection (left hand)
 J - a ring of positive energy
Wands
 b - a wand of mindburst (22)
 f - a wand of charming (7)
 o - a wand of digging (5)
 u - a wand of paralysis (5)
 v - a wand of flame (19) (quivered)
 x - a wand of iceblast (5)
 D - a wand of acid (5)
Scrolls
 g - 5 scrolls of fear
 i - 8 scrolls of teleportation
 A - a scroll of blinking
 C - 2 scrolls of silence
 G - 2 scrolls of identify
Potions
 c - a potion of berserk rage
 d - a potion of might
 j - 6 potions of curing
 k - 4 potions of haste
 l - 5 potions of mutation
 m - a potion of resistance
 n - 6 potions of heal wounds
 r - 3 potions of lignification
 s - 3 potions of attraction
 z - 3 potions of cancellation
 B - 2 potions of ambrosia


   Skills:
 - Level 14.0 Fighting
 + Level 24.3 Axes
 - Level 10.1 Armour
 - Level 10.1 Dodging


You had 14 spell levels left.
You didn't know any spells.
Your spell library was empty.

Dungeon Overview and Level Annotations

Branches:
Dungeon (15/15)            Temple (0/1) D:6            Lair (6/6) D:11
  Swamp (0/4) Lair:3       Spider (0/4) Lair:2        Slime (0/5) Lair:5
    Orc (2/2) D:10            Elf (0/3) Orc:2        Depths (0/5) D:15
Ossuary (visited)         Gauntlet (1/1)
 Vaults: D:13-14

Altars:
Ashenzari
Cheibriados
Gozag
Makhleb
Okawaru
Qazlal
Ru
Uskayaw
Vehumet
The Shining One

Shops:
D:3 (   D:10 ?[[*::   Orc:2 :[(*

Portals:
Hell: Lair:6

Annotations:
D:13 exclusion: obsidian statue
Lair:5 exclusion: 2 oklob plants
Lair:6 exclusion: oklob plant Gauntlet 6 transporters, exclusion: oklob plant


Innate Abilities, Weirdness & Mutations

You have a beak for a mouth.
You have claws for feet.
Your magical nature lets you fly swiftly and evasively.


Message History

The foul vapour engulfs you but does no damage.
You hit the spectral hornet but do no damage.
You peck the spectral hornet.
You destroy the spectral hornet!
Trog accepts your kill.
You slice the wolf spider zombie!!
You carve the withered plant like a ham!!!
You slash the death drake!
You are engulfed in dark miasma.
You are lethally poisoned!
You feel extremely sick.
The withered plant is engulfed in dark miasma.
The wolf spider zombie hits you but does no damage.
The wolf spider zombie bites you but does no damage.
The death drake barely misses you.
You are too injured to fight recklessly!
You are too injured to fight recklessly!
You are too injured to fight recklessly!
You slice the wolf spider zombie!! You claw the wolf spider zombie.
You peck the wolf spider zombie!
The wolf spider zombie is almost destroyed.
You completely miss the death drake. You slice the withered plant!!
You are engulfed in dark miasma.
You are more poisoned.
You feel extremely sick.
The death drake bites you but does no damage.
The wolf spider zombie barely misses you.
The wolf spider zombie bites you but does no damage.
Your crystal plate armour prevents you from hitting the wolf spider zombie.
You peck the wolf spider zombie!
You destroy the wolf spider zombie!
Trog accepts your kill.
You slash the withered plant! You closely miss the death drake.
* * * LOW HITPOINT WARNING * * *
You feel extremely sick.
The withered plant crumbles away.
The death drake barely misses you.
* * * LOW HITPOINT WARNING * * *
You feel extremely sick. The death drake breathes miasma at you.
The foul vapour engulfs you!
You are more poisoned.
You die...

##..#.####..#..##########
#≈..#...©.(.#......#©#...
##..#########......#©#...
#§.....#©#.....##########
##.....#©#.....#.... ....
#≈..#########..#^#.. ..#.
##..#.......#..#.##. .##.
#≈..#.8.8.⌠.#..#..##^##..
##..#^..@..^#..#....©....
#§..#.#.☼.#.#..#YY#####^.
##..#^..k..^#..#Y##...##.
#≈..#.#.#.#.#..#Y#....^#.
##..#..!©}=.#..#Y..$©(=..
#≈..#########..##########
##...§.......∩....§......
#≈..§§§............§.§...
###≈#§#§#≈########§#≈#§#≈


You could see a death drake (catching breath).

Vanquished Creatures
  Gastronok (Lair:2)
  An orc warlord (Orc:1)
  A dire elephant (Lair:6)
  Snorg (D:13)
  Erolcha (Orc:1)
  An ogre mage (D:15)
  A hell beast (Lair:6)
  10 hydras
  4 centaur warriors
  5 two-headed ogres
  2 death yaks
  2 tengu warriors (D:13)
  4 orc high priests (Orc:2)
  A flayed ghost (D:10)
  The ghost of Lenkkari the Skirmisher, a novice GrFi of Okawaru (D:7)
  2 orc knights (Orc:2)
  A wolf spider zombie (Gauntlet)
  A wizard (Lair:6)
  6 orc sorcerers
  An oklob plant (Lair:2)
  2 ugly things
  4 cyclopes
  Joseph (D:7)
  7 black mambas
  5 orange demons (Lair:6)
  16 cane toads
  A smoke demon (Lair:6)
  An unseen horror (D:12)
  5 komodo dragons
  2 kobold demonologists (D:11)
  An efreet (D:13)
  4 rime drakes
  6 trolls
  A meliai (shapeshifter) (D:13)
  6 polar bears
  A red devil (Lair:6)
  A tyrant leech (Lair:3)
  6 dream sheep
  13 blink frogs
  3 centaur simulacra (Gauntlet)
  3 wraiths (D:10)
  5 flying skulls (Gauntlet)
  3 shadows
  8 wyverns
  5 basilisks
  A hog (shapeshifter) (D:13)
  22 yaks
  2 fire bats (D:10)
  A steam dragon (D:7)
  4 vampire mosquitoes (D:12)
  14 two-headed ogre zombies (Orc:1)
  A warg (Orc:1)
  3 acid dragons
  3 swamp worms (Lair:3)
  3 hell hounds (Lair:6)
  10 water moccasins
  2 spectral hornets (Gauntlet)
  26 orc warriors
  3 sky beasts
  A black bear (Lair:2)
  11 ogres
  8 centaurs
  A phantom (D:4)
  An ice beast (D:6)
  11 wolves
  A kobold brigand (D:7)
  2 gnoll sergeants (D:7)
  13 bullfrogs
  3 scorpions
  A hornet simulacrum (Gauntlet)
  2 water moccasin zombies (D:6)
  7 killer bees (D:7)
  4 wights (D:10)
  2 vampire bats (D:8)
  4 howler monkeys
  A centaur zombie (D:7)
  4 hounds
  Crazy Yiuf (D:5)
  3 jellies
  8 orc priests
  3 iguanas
  6 orc wizards
  A scorpion zombie (D:5)
  A killer bee zombie (D:8)
  A hound zombie (D:5)
  11 mummies (Ossuary)
  A howler monkey zombie (D:10)
  7 adders
  8 gnolls
  A shadow imp (D:8)
  An ufetubus (D:6)
  4 dart slugs
  40 orcs
  20 bats
  4 endoplasms
  3 giant cockroaches
  4 goblins
  9 hobgoblins
  9 jackals
  18 kobolds
  3 quokkas
  7 ball pythons
  2 frilled lizards
  A gnoll skeleton (Ossuary)
  6 goblin skeletons (Ossuary)
  An orc skeleton (Ossuary)
  4 rats
  11 rat skeletons (Ossuary)
528 creatures vanquished.

Vanquished Creatures (others)
  An orc wizard (Orc:2)
  33 fungi
  19 plants
  4 withered plants (Gauntlet)
57 creatures vanquished.

Grand Total: 585 creatures vanquished

Notes
Turn   | Place    | Note
-------+----------+-------------------------------------------
     0 | D:1      | HoaS the Tengu Berserker began the quest for the Orb.
     0 | D:1      | Reached XP level 1. HP: 14/14 MP: 2/2
   129 | D:1      | Reached XP level 2. HP: 12/19 MP: 3/3
   257 | D:1      | Reached skill level 4 in Axes
   885 | D:1      | Reached XP level 3. HP: 23/23 MP: 4/4
  1229 | D:1      | Found a faded altar of an unknown god.
  1591 | D:2      | Reached ** piety under Trog
  1614 | D:2      | Reached skill level 5 in Axes
  1614 | D:2      | Found a stormy altar of Qazlal.
  1756 | D:2      | Reached XP level 4. HP: 13/28 MP: 5/5
  2171 | D:2      | Noticed a sky beast
  2181 | D:2      | Killed a sky beast
  2182 | D:2      | Reached skill level 6 in Axes
  2182 | D:2      | Gained mutation: Your magical nature lets you fly swiftly
                  | and evasively. [Tengu growth]
  2182 | D:2      | Reached XP level 5. HP: 32/32 MP: 6/6
  2464 | D:3      | Found an opulent altar of Gozag.
  2553 | D:3      | Found a hide-covered altar of Uskayaw.
  2793 | D:3      | Found Xecoun's Antique Weapon Boutique.
  2796 | D:3      | Bought a great mace for 149 gold pieces
  2892 | D:3      | Reached skill level 7 in Axes
  3315 | D:3      | Reached XP level 6. HP: 12/37 MP: 7/7
  3815 | D:4      | Noticed a yak
  3824 | D:4      | Reached skill level 8 in Axes
  3830 | D:4      | Killed a yak
  3831 | D:4      | Reached XP level 7. HP: 24/41 MP: 8/8
  3982 | D:4      | Identified 2 scrolls of acquirement
  3982 | D:4      | Acquired 1255 gold pieces
  3984 | D:4      | Acquired 1081 gold pieces
  4027 | D:4      | Found a radiant altar of Vehumet.
  4267 | D:4      | Reached skill level 9 in Axes
  4568 | D:5      | Entered Level 5 of the Dungeon
  4700 | D:5      | Reached *** piety under Trog
  4933 | D:5      | Reached skill level 10 in Axes
  4966 | D:5      | Reached XP level 8. HP: 43/46 MP: 9/9
  5641 | D:5      | Found a runed translucent door.
  5642 | D:5      | Noticed Crazy Yiuf
  5649 | D:5      | Killed Crazy Yiuf
  5947 | D:6      | Found a staircase to the Ecumenical Temple.
  6029 | D:6      | Reached skill level 11 in Axes
  6245 | D:6      | Found a sand-covered staircase.
  6255 | Ossuary  | Entered an ossuary
  6542 | Ossuary  | Reached **** piety under Trog
  6707 | D:6      | Acquired a manual of Axes
  6709 | D:6      | Acquired a manual of Fighting
  6711 | D:6      | Acquired a manual of Axes
  6837 | D:6      | Reached skill level 12 in Axes
  6885 | D:7      | Reached XP level 9. HP: 43/50 MP: 10/10
  6987 | D:7      | Reached skill level 13 in Axes
  7225 | D:7      | HP: 2/50 [poisoned by a killer bee]
  7537 | D:7      | Identified the +1 war axe of Okomof {pain, Str+6}
  7674 | D:7      | Reached skill level 14 in Axes
  8201 | D:7      | Noticed Joseph
  8220 | D:7      | Killed Joseph
  8221 | D:7      | Reached skill level 5 in Fighting
  8354 | D:7      | Found a runed translucent door.
  8359 | D:7      | Noticed Lenkkari's ghost (novice GrFi)
  8587 | D:7      | Killed Lenkkari's ghost
  8588 | D:7      | Reached skill level 15 in Axes
  8588 | D:7      | Reached XP level 10. HP: 51/61 MP: 11/11
  8782 | D:8      | Reached ***** piety under Trog
  9686 | D:9      | You are sucked into a shaft and drop 1 floor!
  9686 | D:10     | Entered Level 10 of the Dungeon
  9728 | D:10     | Found Tismuur's Armour Emporium.
  9731 | D:10     | Found a staircase to the Orcish Mines.
  9958 | D:10     | Found Durruipi's Armour Emporium.
  9991 | D:10     | Bought a +1 pair of gloves of strength for 198 gold pieces
 10054 | D:10     | Found Westri's Book Shoppe.
 10058 | D:10     | Found Amax's General Store.
 10069 | D:10     | Bought a potion of haste for 120 gold pieces
 10069 | D:10     | Bought a scroll of blinking for 90 gold pieces
 10069 | D:10     | Bought a wand of acid (8) for 288 gold pieces
 10069 | D:10     | Bought a scroll of identify for 24 gold pieces
 10217 | D:10     | Found a runed translucent door.
 10222 | D:10     | Found a broken altar of Ashenzari.
 10234 | D:10     | Found a hide-covered altar of Uskayaw.
 10259 | D:10     | Found a snail-covered altar of Cheibriados.
 10263 | D:10     | Found an iron altar of Okawaru.
 10282 | D:10     | Reached skill level 16 in Axes
 10282 | D:10     | Reached skill level 5 in Armour
 10282 | D:10     | Reached skill level 5 in Dodging
 10531 | D:10     | Found a glowing golden altar of the Shining One.
 10556 | D:10     | Reached skill level 10 in Fighting
 10566 | D:10     | Found a sacrificial altar of Ru.
 10566 | D:10     | Noticed a two-headed ogre
 10577 | D:10     | Killed a two-headed ogre
 10578 | D:10     | Reached XP level 11. HP: 50/73 MP: 12/12
 10794 | D:10     | Found Soniwet's Magic Scroll Shoppe.
 10800 | D:10     | Noticed a cyclops
 10808 | D:10     | Killed a cyclops
 10812 | D:10     | Bought a scroll of teleportation for 33 gold pieces
 10812 | D:10     | Bought a scroll of enchant armour for 82 gold pieces
 10812 | D:10     | Bought a scroll of blinking for 82 gold pieces
 10812 | D:10     | Bought a scroll of enchant weapon for 82 gold pieces
 10938 | D:10     | Bought a scroll of identify for 22 gold pieces
 10938 | D:10     | Bought a scroll of identify for 22 gold pieces
 10938 | D:10     | Bought a scroll of identify for 22 gold pieces
 10938 | D:10     | Bought a scroll of identify for 22 gold pieces
 11031 | D:10     | Found Xurexeip's Book Emporium.
 11160 | D:10     | Noticed a flayed ghost
 11645 | D:11     | Found a staircase to the Lair.
 11783 | D:11     | Noticed a cyclops
 11789 | D:11     | Killed a cyclops
 11833 | D:11     | Noticed a cyclops
 11844 | D:11     | Killed a cyclops
 11874 | D:11     | Noticed a centaur warrior
 11885 | D:11     | Killed a centaur warrior
 11901 | D:11     | Noticed a two-headed ogre
 11910 | D:11     | Killed a two-headed ogre
 11934 | D:11     | Noticed a purple ugly thing
 11940 | D:11     | Killed a purple ugly thing
 12125 | D:11     | Noticed a boulder beetle
 12125 | D:11     | Noticed a six-headed hydra
 12135 | D:11     | Noticed a boulder beetle
 12159 | D:11     | Noticed a cyclops
 12172 | D:11     | Killed a cyclops
 12632 | Lair:1   | Entered Level 1 of the Lair of Beasts
 12694 | Lair:1   | Noticed an eight-headed hydra
 12702 | Lair:1   | Killed an eight-headed hydra
 13022 | Lair:1   | Reached XP level 12. HP: 81/84 MP: 13/13
 13731 | D:10     | Identified the ring "Omidophi" {rPois rF- AC+4 Str+4 Int-5
                  | Stlth+}
 14026 | Lair:2   | Noticed an eight-headed hydra
 14054 | Lair:2   | Killed a 16-headed hydra
 14330 | Lair:2   | Found a hole to the Spider Nest.
 14585 | Lair:2   | Noticed a five-headed hydra
 14598 | Lair:2   | Killed an 11-headed hydra
 14844 | Lair:2   | Noticed Gastronok
 14865 | Lair:2   | Killed Gastronok
 14866 | Lair:2   | Reached skill level 10 in Armour
 14866 | Lair:2   | Reached skill level 10 in Dodging
 14930 | Lair:2   | Received a gift from Trog
 15015 | Lair:2   | Noticed a death yak
 15028 | Lair:2   | Killed a death yak
 15032 | Lair:2   | Reached XP level 13. HP: 50/90 MP: 14/14
 15041 | Lair:2   | Reached skill level 17 in Axes
 15522 | Lair:3   | You are sucked into a shaft and drop 1 floor!
 15677 | Lair:3   | Reached skill level 18 in Axes
 16324 | Lair:3   | Reached skill level 19 in Axes
 16325 | Lair:3   | Found a staircase to the Swamp.
 18048 | Lair:5   | Found a staircase to the Slime Pits.
 18312 | Lair:5   | Reached skill level 20 in Axes
 18677 | Lair:6   | Entered Level 6 of the Lair of Beasts
 18878 | Lair:6   | Reached skill level 21 in Axes
 19017 | Lair:6   | Reached XP level 14. HP: 85/96 MP: 15/15
 19122 | Lair:6   | Reached skill level 22 in Axes
 19123 | Lair:6   | Noticed a dire elephant
 19131 | Lair:6   | Killed a dire elephant
 19294 | Lair:6   | Found a burning altar of Makhleb.
 19586 | Lair:6   | Received a gift from Trog
 20367 | Lair:6   | Found a gateway to Hell.
 22202 | Orc:1    | Entered Level 1 of the Orcish Mines
 22381 | Orc:1    | Noticed Erolcha
 22406 | Orc:1    | Killed Erolcha
 22705 | Orc:1    | Reached skill level 23 in Axes
 23148 | Orc:2    | Entered Level 2 of the Orcish Mines
 23184 | Orc:2    | Found a staircase to the Elven Halls.
 23416 | Orc:2    | Paralysed by an orc sorcerer for 2 turns
 24068 | Orc:2    | Noticed an orc warlord
 24069 | Orc:2    | Found Ijir's General Store.
 24131 | Orc:1    | Killed an orc warlord
 24497 | Orc:2    | Received a gift from Trog
 24579 | Orc:2    | Found Elauwk's Antique Weapon Boutique.
 24642 | Orc:2    | Reached XP level 15. HP: 95/100 MP: 16/16
 24688 | Orc:2    | Found Suibrang's Book Emporium.
 24767 | Orc:2    | Found Luar's Antique Armour Shop.
 24774 | Orc:2    | Bought the +3 pair of gauntlets of War {Slay+5} for 1757
                  | gold pieces
 24774 | Orc:2    | Found the +3 pair of gauntlets of War {Slay+5}
 25528 | D:13     | Reached skill level 24 in Axes
 25616 | D:13     | Noticed Snorg
 25621 | D:13     | Killed Snorg
 25660 | D:13     | You are sucked into a shaft and drop 2 floors!
 25660 | D:15     | Entered Level 15 of the Dungeon
 25698 | D:15     | Found a gate leading to a gauntlet.
 25709 | Gauntlet | Entered a Gauntlet
 25709 | Gauntlet | Found a transporter.
 25822 | Gauntlet | Found a transporter.
 25838 | Gauntlet | Found a transporter.
 25856 | Gauntlet | Found a transporter.
 25886 | Gauntlet | Found a transporter.
 25898 | Gauntlet | Found a transporter.
 25915 | Gauntlet | Found a transporter.
 25919 | Gauntlet | Found a transporter.
 25931 | Gauntlet | Found a transporter.
 25935 | Gauntlet | Found a transporter.
 25996 | Gauntlet | Found a transporter.
 26107 | Gauntlet | HP: 2/100 [poisoned by a death drake (dark miasma)]
 26107 | Gauntlet | Killed from afar by a death drake

Illustrated notes

Levels and vault maps discovered:
D:1:      sevenhm_arrival_forest_fort_large_3, layout_basic,
          shapermc_ecumenical_altar_totnotflames, serial_glass, glass_columns_c,
          glass_columns_a, dk_noncrumbling_3, minmay_fountain_box
D:2:      layout_basic, basic_altar
D:3:      layout_basic, old_standard_altar, nicolae_gozag_seed_capital,
          serial_shops, nicolae_shop_behind_doors
D:4:      layout_loops_ring, vehumet_crystals, nicolae_zen_rock_garden,
          minmay_manual_mail
D:5:      cheibrodos_quashed, layout_rooms, uniq_crazy_yiuf_cottage
D:6:      layout_rooms, minmay_temple_entry_overgrown,
          nicolae_ossuary_entry_ruins, minmay_misc_feat_room
D:7:      layout_rooms, ebering_ghost_reflecting_pool, eino_jars, uniq_joseph
D:8:      layout_loops_ring, roderic_batcave, serial_bayou_pond_d,
          bh_walls_and_bars
D:9:      layout_irregular_city, nzn_wu_jian_council_hall, minivault_5
D:10:     due_megacathedral, layout_basic, orc_david_3, serial_shops,
          nicolae_shop_waterfront, shop, shop,
          nicolae_shop_temple_entry_statues_fountains, nicolae_shop_trees
D:11:     layout_loops_ring, erik_lair_dragon, onia_ninara_dug_in_and_dangerous
D:12:     layout_loops_cross
D:13:     minmay_separated_statues, layout_gridville, uniq_snorg
D:15:     grunt_enter_depths_hoard, layout_small_grid, gauntlet_entry_generic,
          serial_park_square3 [serial_park_minivault_5x5_4],
          serial_co_window_serial, co_window_corner_a, co_window_corner_a,
          co_window_of_opportunity_a, co_window_paths_a, co_window_corner_a,
          co_window_of_opportunity_a, co_window_of_opportunity_a,
          co_window_broadway_a, co_window_2corner, co_window_paths_e,
          co_window_4corner_a, glass_columns_c, glass_columns_c,
          statue_in_the_mist_lemuel
Lair:1:   layout_cave_shapes, grunt_megastairs_1, serial_bayou_shore_b,
          lemuel_fruit_tree
Lair:2:   nzn_winding_woodlands_three_and_one [nzn_winding_woodlands_5x15_eye,
          nzn_winding_woodlands_5x15_parted,
          nzn_winding_woodlands_5x15_longhouse,
          nzn_winding_woodlands_center_garden], layout_loops_ring,
          dummy_spider_entry, uniq_gastronok
Lair:3:   layout_misc_corridors, minmay_swamp_entry_worms
Lair:4:   layout_cave_pods, chequers_serial_rivers_large_b, grunt_megastairs_2
Lair:5:   layout_gridlike, minmay_slime_entry_oklob_open, st_stairs_5
Lair:6:   evil_forest, layout_small_grid, infiniplex_staircase_pool
Orc:1:    lemuel_ogre_cave, layout_diamond_mine
Orc:2:    grunt_orc_gardens, layout_diamond_mine, grunt_orc_garden,
          grunt_orc_garden, grunt_orc_garden, grunt_orc_garden
Gauntlet: minmay_gauntlet_mixed_big_or_small [gammafunk_gauntlet_arena_open,
          minmay_gauntlet_arena_77_braids, gammafunk_gauntlet_arena_spirals,
          minmay_gauntlet_arena_77_box, gammafunk_gauntlet_arena_split_x,
          minmay_gauntlet_arena_77_museum,
          nicolae_gauntlet_exit_dead_adventurers]

Skill      XL: |  1  2  3  4  5  6  7  8  9 10 11 12 13 14 15 |
---------------+----------------------------------------------+-----
Axes           | 4 5 6 7 8 10 12 15 16 21 23 24 | 24.3
Fighting       | 6 10 13 14 | 14.0
Armour         | 3 5 7 10 | 10.1
Dodging        | 3 5 7 10 | 10.1

Action                   |  1- 3 |  4- 6 |  7- 9 | 10-12 | 13-15 || total
-------------------------+-------+-------+-------+-------+-------++-------
Melee: Hand axe          |    82 |    50 |       |       |       ||   132
       Kick              |    18 |    23 |   118 |   183 |   200 ||   542
       Peck              |     6 |    24 |    68 |   109 |   143 ||   350
       Great mace        |       |    40 |    14 |    27 |    51 ||   132
       War axe           |       |       |   340 |   417 |       ||   757
       Executioner's axe |       |       |       |    12 |   504 ||   516
Throw: Dart              |       |       |       |     1 |       ||     1
Invok: Berserk           |       |     1 |     3 |     7 |     1 ||    12
       Trog's Hand       |       |       |       |     6 |     1 ||     7
Evoke: Wand              |       |       |       |    16 |     3 ||    19
  Use: Scroll            |     3 |     6 |    19 |    11 |     5 ||    44
       Potion            |       |       |     1 |       |     1 ||     2
 Stab: Sleeping          |     1 |       |       |       |       ||     1
       Paralysed         |       |       |       |       |     3 ||     3
Armor: Ring mail         |     6 |    36 |    16 |       |       ||    58
       Animal skin       |     5 |       |       |       |       ||     5
       Crystal plate arm |       |       |   125 |   319 |   435 ||   879
Dodge: Dodged            |    51 |    65 |   149 |   230 |   413 ||   908

Table legend: (Time is in decaauts)
 A = Elapsed time spent in this place.
 B = Non-inter-level travel time spent in this place.
 C = Inter-level travel time spent in this place.
 D = Time resting spent in this place.
 E = Time spent auto-exploring this place.
 F = Levels seen in this place.
 G = Mean time per level.
                   A        B        C        D        E       F      G
               +--------+--------+--------+--------+--------+-----+--------+
         Total |  24647 |  23445 |   1202 |   7978 |  11932 |  24 | 1027.0 |
       Dungeon |  13315 |  12529 |    786 |   4274 |   6427 |  14 |  951.1 |
          Lair |   7812 |   7530 |    282 |   2589 |   3988 |   6 | 1302.0 |
  Orcish Mines |   2724 |   2591 |    133 |    861 |   1231 |   2 | 1362.0 |
       Ossuary |    425 |    425 |      0 |    145 |    135 |   1 |  425.0 |
      Gauntlet |    369 |    369 |      0 |    108 |    149 |   1 |  369.0 |
               +--------+--------+--------+--------+--------+-----+--------+

Top non-repeatable levels by time:
  Lair:6: 1677 daAuts
    D:10: 1658 daAuts
  Lair:5: 1650 daAuts
     D:7: 1599 daAuts
     D:1: 1576 daAuts
    D:11: 1503 daAuts
  Lair:2: 1500 daAuts
   Orc:1: 1435 daAuts
   Orc:2: 1289 daAuts
     D:5: 1190 daAuts
  Lair:3: 1041 daAuts
     D:4: 1009 daAuts
     D:3: 992 daAuts
  Lair:4: 989 daAuts
  Lair:1: 954 daAuts
